 Dungeon Crawl Stone Soup version 0.21-a0-72-gbbb65ab (webtiles) character file.

3972 xgamer67 the Cleaver (level 10, -9/47 HPs)
             Began as a Vine Stalker Berserker on June 20, 2017.
             Was a High Priest of Trog.
             Mangled by a wyvern (13 damage)
             ... on level 10 of the Dungeon.
             The game lasted 00:18:49 (2734 turns).

xgamer67 the Cleaver (Vine Stalker Berserker)       Turns: 2734, Time: 00:18:50

Health: -9/47      AC: 13    Str: 23    XL:     10   Next: 22%
Magic:  0/11       EV:  7    Int:  7    God:    Trog [*****.]
Gold:   290        SH:  4    Dex: 14    Spells: 9/9 levels left

rFire    + . .     SeeInvis .   y - +0 war axe
rCold    . . .     Gourm    .   (no shield)
rNeg     . . .     Faith    .   k - +0 plate armour
rPois    .         Spirit   +   l - +1 helmet
rElec    .         Reflect  +   (no cloak)
rCorr    .         Harm     .   i - +0 pair of gloves
MR       +++..                  (no boots)
Stlth    ..........             o - amulet "Muahe" {Reflect rF+ MR+ SH+4}
HPRegen  0.55/turn              v - ring of protection from magic
MPRegen  0.12/turn              (no ring)

@: no status effects
A: fangs 3, regeneration 1, magic shield, antimagic bite, no potion heal 3, rot
immunity
a: Berserk, Trog's Hand, Brothers in Arms, Burn Spellbooks, Renounce Religion


You were on level 10 of the Dungeon.
You worshipped Trog.
Trog was extremely pleased with you.
You were not hungry.

You visited 1 branch of the dungeon, and saw 11 of its levels.
You also visited: Ossuary.

You collected 290 gold pieces.

Inventory:

Hand Weapons
 w - a +1 battleaxe
 y - a +0 war axe (weapon)
 C - a +0 battleaxe
Armour
 b - a +0 animal skin
 d - a +0 chain mail
 i - a +0 pair of gloves (worn)
 k - a +0 plate armour (worn)
 l - a +1 helmet (worn)
Jewellery
 o - the amulet "Muahe" (around neck) {Reflect rF+ MR+ SH+4}
   (You found it on level 4 of the Dungeon)

   [amulet of reflection]

   It shields you and reflects attacks.
   It protects you from fire.
   It affects your resistance to hostile enchantments.
   It affects your SH (+4).
 v - a ring of protection from magic (left hand)
 B - an uncursed amulet of faith {unknown}
Wands
 x - a wand of flame (17/48)
Scrolls
 f - a scroll of blinking {unknown}
 n - a scroll of noise {unknown}
 r - 2 scrolls of immolation
 D - a scroll of remove curse
Potions
 e - a potion of haste
 g - 2 potions of lignification {unknown}
 h - 4 potions of curing {unknown}
 j - 2 potions of magic {unknown}
 m - 3 potions of degeneration
 p - 3 potions of agility
 q - a potion of heal wounds {unknown}
 s - 2 potions of invisibility
 u - a potion of resistance {unknown}
Books
 t - a book of Enchantments

   Spells                             Type                      Level
   a - Cause Fear                     Hexes                        4
   b - Yara's Violent Unravelling     Hexes/Transmutation          5
   c - Silence                        Hexes/Air                    5
   d - Deflect Missiles               Charms/Air                   6
   e - Discord                        Hexes                        8
   Trog disapproves of the use of such an item.
 A - a book of Air

   Spells                             Type                      Level
   a - Shock                          Conjuration/Air              1
   b - Swiftness                      Charms/Air                   2
   c - Static Discharge               Conjuration/Air              3
   d - Airstrike                      Air                          4
   e - Lightning Bolt                 Conjuration/Air              5
   Trog disapproves of the use of such an item.
Comestibles
 a - 6 chunks of flesh
 c - 4 bread rations


   Skills:
 - Level 2.6 Fighting
 + Level 13.1 Axes
 - Level 1.5 Armour
 - Level 1.5 Dodging


You had 9 spell levels left.
You didn't know any spells.

Dungeon Overview and Level Annotations

Branches:
Dungeon (11/15)            Temple (0/1) D:5
   Lair: D:8-11         Orc: D:9-12

Altars:
Hepliaklqana
Kikubaaqudgha

Shops:
D:8 %==   D:10 *

Annotations:
D:10 Urug


Innate Abilities, Weirdness & Mutations

You have razor-sharp teeth.
Your natural rate of healing is unusually fast.
When hurt, damage is shared between your health and your magic reserves.
Your bite disrupts and absorbs the magic of your enemies.
Potions cannot restore your health.
You are immune to rotting.


Message History

A wyvern comes into view.
The wyvern hisses angrily.
You feel sick.
You are no longer poisoned.
Urug shouts!
Urug throws a javelin.
You reflect the javelin off an invisible shield around you!
The javelin hits Urug!!
Urug throws a javelin.
The javelin hits you!
You see here a javelin.
The wyvern barely misses you. The wyvern bites you.
A centaur comes into view.
The centaur wields a shortbow.
The centaur shoots an arrow.
The arrow hits you.
You see here an arrow.
The wyvern bites you!
* * * LOW HITPOINT WARNING * * *
The centaur shoots an arrow.
The arrow hits you.
* * * LOW HITPOINT WARNING * * *
The wyvern bites you!
You die...

..+......#....#####.....###
..#......#................. ....
..#......#...............## #...
..#......#.#######'###...+ #...
..#......#o#.........#...# #...
..########.#.........#...# #...
...........#........<# ..# #...
..........o###########c..#####...
...#####.......(@....... .......
...# #.......l........ ......
...# #................ +##...
...# #....(........... #...
...#####...#########.....+ #...
...........#.......#.....# #...
.....).....#.......#.....# #...
.........###.......#.....#####o..
.........#.........#.............


You could see Urug, a wyvern and a centaur.

Vanquished Creatures
  A two-headed ogre (D:8)
  A troll (D:9)
  A wyvern (D:9)
  2 hungry ghosts
  Menkaure (D:4)
  A hornet zombie (D:9)
  4 orc warriors
  A sky beast (D:5)
  2 ogres
  A necrophage (D:9)
  4 centaurs
  A bullfrog (D:10)
  A gnoll sergeant (D:4)
  2 water moccasin zombies (Ossuary)
  2 scorpions
  2 howler monkeys (D:7)
  2 crimson imps
  The ghost of xgamer67 the Chopper, a weakling VSBe of Trog (D:4)
  3 hounds
  A bullfrog skeleton (D:9)
  2 jellies
  An orc priest (D:6)
  Terence (D:2)
  2 iguanas
  Natasha (thrice) (D:2)
  4 orc wizards
  6 worker ants
  4 big kobold zombies (Ossuary)
  2 mummies (Ossuary)
  A worker ant zombie (D:8)
  Robin (D:3)
  5 gnolls
  A howler monkey skeleton (D:9)
  10 adders
  A shadow imp (D:9)
  An adder zombie (Ossuary)
  An adder skeleton (D:9)
  A dart slug (D:2)
  4 leopard geckos
  11 orcs
  4 bats (D:2)
  4 giant cockroaches
  A gnoll zombie (Ossuary)
  9 goblins
  8 hobgoblins
  4 jackals (D:2)
  A quokka (D:2)
  2 frilled lizards
  3 hobgoblin zombies (Ossuary)
  6 kobolds
  7 kobold zombies (Ossuary)
  A leopard gecko skeleton (D:4)
  7 orc zombies (Ossuary)
  A quokka skeleton (D:10)
  3 rats
157 creatures vanquished.

Notes
Turn   | Place    | Note
-------+----------+-------------------------------------------
     0 | D:1      | xgamer67 the Vine Stalker Berserker began the quest for the Orb.
     0 | D:1      | Reached XP level 1. HP: 11/11 MP: 2/2
    27 | D:1      | Reached skill level 3 in Axes
    27 | D:1      | Reached XP level 2. HP: 16/16 MP: 1/3
   165 | D:2      | Reached XP level 3. HP: 17/19 MP: 4/4
   222 | D:2      | Noticed Terence
   226 | D:2      | Noticed Natasha
   228 | D:2      | Killed Terence
   228 | D:2      | Reached skill level 4 in Axes
   228 | D:2      | Gained mutation: Your natural rate of healing is unusually fast. [Vine Stalker growth]
   228 | D:2      | Reached XP level 4. HP: 23/23 MP: 5/5
   230 | D:2      | Reached ** piety under Trog
   233 | D:2      | Killed Natasha
   252 | D:2      | Found an ancient bone altar of Kikubaaqudgha.
   298 | D:2      | Noticed Natasha
   308 | D:2      | Killed Natasha
   308 | D:2      | Reached skill level 5 in Axes
   308 | D:2      | Reached XP level 5. HP: 27/27 MP: 6/6
   326 | D:2      | Noticed Natasha
   350 | D:2      | Killed Natasha
   394 | D:3      | Noticed Robin
   423 | D:3      | Killed Robin
   516 | D:4      | Noticed xgamer67's ghost (weakling VSBe)
   521 | D:4      | Killed xgamer67's ghost
   575 | D:4      | Reached skill level 6 in Axes
   575 | D:4      | Reached XP level 6. HP: 20/32 MP: 7/7
   593 | D:4      | Found a hazy altar of Hepliaklqana.
   662 | D:4      | Reached skill level 7 in Axes
   662 | D:4      | Reached XP level 7. HP: 26/35 MP: 8/8
   717 | D:4      | Got an ancient tin amulet
   719 | D:4      | Identified the amulet "Muahe" {Reflect rF+ MR+ SH+4} (You found it on level 4 of the Dungeon)
   729 | D:5      | Entered Level 5 of the Dungeon
   733 | D:4      | Noticed Menkaure
   737 | D:4      | Killed Menkaure
   737 | D:4      | Reached *** piety under Trog
   869 | D:5      | Found a sand-covered staircase.
   874 | Ossuary  | Entered an ossuary
   923 | Ossuary  | Reached skill level 8 in Axes
  1144 | D:5      | Found a staircase to the Ecumenical Temple.
  1155 | D:5      | Reached **** piety under Trog
  1155 | D:5      | Gained mutation: You have razor-sharp teeth. [Vine Stalker growth]
  1155 | D:5      | Reached XP level 8. HP: 39/39 MP: 9/9
  1332 | D:6      | Reached skill level 9 in Axes
  1489 | D:8      | Found Ostretep's Jewellery Boutique.
  1491 | D:8      | Noticed a two-headed ogre
  1502 | D:8      | Killed a two-headed ogre
  1502 | D:8      | Reached skill level 11 in Axes
  1502 | D:8      | Reached XP level 9. HP: 23/43 MP: 10/10
  1587 | D:8      | Found Dugan's Jewellery Shop.
  1618 | D:8      | Found Genar's Food Boutique.
  1704 | D:10     | Entered Level 10 of the Dungeon
  1854 | D:10     | Noticed Urug
  2048 | D:9      | Noticed a troll
  2062 | D:9      | Killed a troll
  2062 | D:9      | Reached skill level 12 in Axes
  2266 | D:9      | Reached XP level 10. HP: 38/47 MP: 8/11
  2403 | D:10     | Found Zatin's Elemental Accessories.
  2525 | D:10     | Reached skill level 13 in Axes
  2530 | D:10     | Reached ***** piety under Trog
  2734 | D:10     | Mangled by a wyvern

Vault maps used:
D:1:      grunt_arrival_lava_bath, minmay_misc_feat_plants
D:2:      led_sif_pool, kiku_gazebo_garden_becter, uniq_terence, uniq_natasha,
          uniq_crazy_yiuf_cottage
D:3:      first_bread, uniq_jessica, uniq_robin
D:4:      minitemple, nicolae_overflow_hidden_temple, nrook_mini_vaults,
          uniq_duvessa, uniq_menkaure
D:5:      grunt_temple_overflow_gold_and_silver, okawaru_trees_1,
          minmay_temple_entry_butterflies, serial_shops, shop,
          nicolae_ossuary_entry_plus, guppyfry_early_lair_pool,
          uniq_blork_the_orc
D:6:      hangedman_abyss_or_decor_slice
D:7:      kennysheep_mini_moat, old_standard_altar, overflow_temple_1_default,
          grunt_livestock, moated_statue, fedhas_altar_2
D:8:      serial_shops, shop, shop, nicolae_shop_stone, shop_fountains,
          nicolae_shop_statue_plus
D:10:     nicolae_elemental_shop, uniq_urug
D:11:     lair_entry_dummy, basic_altar, nrook_guardian_serpent_ordinary,
          uniq_psyche, uniq_fannar, uniq_sonja
Ossuary:  ossuary_tomb_2

Skill      XL: |  1  2  3  4  5  6  7  8  9 10 |
---------------+-------------------------------+-----
Axes           | 3 4 5 6 7 8 11 12 13 | 13.1
Fighting       | |  2.6
Armour         | |  1.5
Dodging        | |  1.5

Action                   |  1- 3 |  4- 6 |  7- 9 | 10-12 || total
-------------------------+-------+-------+-------+-------++-------
Melee: Hand axe          |    56 |   111 |   330 |       ||   497
       Bite              |    14 |    30 |   137 |    27 ||   208
       War axe           |       |       |     6 |    75 ||    81
Invok: Berserk           |     2 |     3 |     8 |       ||    13
       Trog's Hand       |       |     1 |       |       ||     1
  Use: Scroll            |       |       |    10 |     1 ||    11
  Eat: Chunk             |     9 |    14 |    10 |     1 ||    34
       Royal jelly       |       |       |     1 |     1 ||     2
       Fruit             |       |       |     1 |       ||     1
Armor: Chain mail        |    41 |    82 |   100 |    23 ||   246
       Plate armour      |       |       |       |     8 ||     8
Dodge: Dodged            |    31 |    51 |    73 |    23 ||   178
Block: Other             |       |       |    37 |    10 ||    47
       Reflection        |       |       |     2 |     1 ||     3
